 Dungeon Crawl Stone Soup version 0.27.1-3-gb3d3a73c9e (webtiles) character file.

Game seed: 7856238453010118373

7 Descartes the Grasshopper (level 1, 0/10 HPs)
             Began as a Spriggan Warper on Oct 16, 2021.
             Frozen to death by an endoplasm (5 damage)
             ... on level 1 of the Dungeon.
             The game lasted 00:02:18 (806 turns).

Descartes the Grasshopper (Spriggan Warper)          Turns: 806, Time: 00:02:19

Health: 0/10       AC:  2    Str:  7    XL:     1   Next: 91%
Magic:  5/5        EV: 17    Int: 14    God:
Gold:   12         SH:  0    Dex: 14    Spells: 5/5 levels left

rFire    . . .     SeeInvis +   a - +0 short sword
rCold    . . .     Faith    .   (shield restricted)
rNeg     . . .     Spirit   .   b - +0 robe
rPois    .         Reflect  .   (helmet restricted)
rElec    .         Harm     .   (no cloak)
rCorr    .         Rampage  .   (gloves unavailable)
Will     .....                  (boots unavailable)
Stlth    ++........             (no amulet)
HPRegen  0.03/turn              e - ring of flight
MPRegen  0.09/turn              (no ring)

@: flying, very quick
A: very small, no large weapons, unfitting armour, see invisible, speed 3
a: no special abilities


You were on level 1 of the Dungeon.
You visited 1 branch of the dungeon, and saw 1 of its levels.

You collected 12 gold pieces.

Inventory:

Hand Weapons
 a - a +0 short sword (weapon)
Missiles
 d - 5 boomerangs of dispersal (quivered)
Armour
 b - a +0 robe (worn)
Jewellery
 e - a ring of flight (left hand)
Scrolls
 c - a scroll of blinking


   Skills:
 + Level 1.6 Fighting
 + Level 2.2 Short Blades
 - Level 1.0 Throwing
 + Level 3.2 Dodging
 * Level 1.0 Stealth
 + Level 2.7 Spellcasting
 * Level 0.6 Hexes
 + Level 4.4 Translocations


You had 5 spell levels left.
You didn't know any spells.
Your spell library contained the following spells:

 Spells                   Type           Power      Damage    Failure   Level
 Apportation              Tloc           28%        N/A       3%          1
 Blink                    Tloc           N/A        N/A       5%          2
 Gell's Gravitas          Tloc           7%         N/A       11%         3
 Lesser Beckoning         Tloc           7%         N/A       11%         3
 Teleport Other           Tloc           14%        N/A       11%         3
 Manifold Assault         Tloc           14%        N/A       67%         5
 Alistair's Intoxication  Tmut/Pois      0%         N/A       99%         5
 Invisibility             Hex            1%         N/A       100%        6


Dungeon Overview and Level Annotations

Branches:
Dungeon (1/15)

Altars:


Innate Abilities, Weirdness & Mutations

You are very small and have problems with some larger weapons.
You are too small for most types of armour.
You have supernaturally acute eyesight. (SInv)
You cover ground extremely quickly. (Speed+++)


Message History

You are too injured to fight recklessly!
You are too injured to fight recklessly!
You are too injured to fight recklessly!
You are too injured to fight recklessly!
You are too injured to fight recklessly!
You barely miss the endoplasm.
An endoplasm comes into view.
The endoplasm closely misses you.
The endoplasm quivers.
You hit the endoplasm.
The endoplasm is moderately wounded.
The bat hits you but does no damage. The endoplasm closely misses you.
The bat misses you. The bat barely misses you.
The bat hits you but does no damage. The bat misses you.
The bat hits you but does no damage. The bat barely misses you.
The bat hits you but does no damage.
You hit the bat.
The bat is severely wounded.
The bat closely misses you. The bat closely misses you.
You hit the bat.
You kill the bat!
Your Stealth skill increases to level 1!
The endoplasm barely misses you.
You hit the endoplasm.
The endoplasm is heavily wounded.
The endoplasm freezes you.
You are frozen.
You hit the endoplasm.
The endoplasm is heavily wounded.
The endoplasm barely misses you.
You barely miss the endoplasm.
The endoplasm is heavily wounded.
The endoplasm freezes you.
You are frozen.
Ouch! That really hurt!
You die...

#.........# #.# #.#
#######..>#### ##.####.#
.............###.......#
.........[........####.#
###.............###..#.....#
.##........)...##....#.#####
.................##..#.#
.##............###..##.#
.##...........JJ@......#
.##...........g##...####
.##............######
...............#
...............#
...............#
...............#
.....########### .....#


You could see 2 endoplasms and a hobgoblin.

Vanquished Creatures
  An endoplasm (D:1)
  A goblin (D:1)
  2 hobgoblins (D:1)
  A bat (D:1)
  A frilled lizard (D:1)
  A kobold (D:1)
7 creatures vanquished.

Notes
Turn   | Place    | Note
-------+----------+-------------------------------------------
     0 | D:1      | Descartes the Spriggan Warper began the quest for the Orb.
     0 | D:1      | Reached XP level 1. HP: 10/10 MP: 5/5
   792 | D:1      | Reached skill level 1 in Stealth
   806 | D:1      | Frozen to death by an endoplasm

Illustrated notes

Levels and vault maps discovered:
D:1:      wander_arrival_desolate, layout_basic, chequers_serial_rivers_marsh,
          minmay_pentomino_s2

Skill      XL: |  1 |
---------------+----+-----
Stealth        | 1 |  1.0
Fighting       | |  1.6
Short Blades   | |  2.2
Throwing       | |  1.0
Dodging        | |  3.2
Spellcasting   | |  2.7
Hexes          | |  0.6
Translocations | |  4.4

Action                   || total
-------------------------++-------
Melee: Short sword       ||    36
 Stab: Sleeping          ||     1
Armor: Robe              ||     6
Dodge: Dodged            ||    28
